[Event "GambitGuide"]
[Site "Internet Chess Club"]
[Date "2014.10.31"]
[Round "1"]
[White "JSBach"]
[Black "Joennyxan"]
[Result "1-0"]
[ICCResult "Black resigns"]
[WhiteElo "1636"]
[BlackElo "843"]
[Opening "Vienna: `Frankenstein-Dracula' variation"]
[ECO "C27"]
[NIC "VG.02"]
[Time "15:31:27"]
[TimeControl "120+12"]

1. e4 e5 2. Nc3 Nf6 3. Bc4 Nxe4 4. Qh5 Nd6 5. Bb3 Nc6 6. Nb5 g6 7. Qf3 f5 8.
Qd5 Qe7 9. Nxc7+ Kd8 10. Nxa8 b6 11. d3 Bg7 12. Nh3 Bf6 13. Be3 Bb7 14. Nxb6
axb6 15. Bxb6+ Kc8 16. Bc5 Kc7 17. Ba3 Na5 18. Qxa5+ {Black resigns} 1-0

[Event "GambitGuide"]
[Site "Internet Chess Club"]
[Date "2014.10.31"]
[Round "1"]
[White "JSBach"]
[Black "Darienor"]
[Result "1/2-1/2"]
[ICCResult "Game drawn by the 50 move rule"]
[WhiteElo "1625"]
[BlackElo "2708"]
[Opening "Vienna: `Frankenstein-Dracula' variation"]
[ECO "C27"]
[NIC "VG.02"]
[Time "15:26:48"]
[TimeControl "120+12"]

1. e4 e5 2. Nc3 Nf6 3. Bc4 Nxe4 4. Qh5 Nd6 5. Bb3 Nc6 6. Nb5 g6 7. Qf3 f5 8.
Qd5 Qe7 9. Nxc7+ Kd8 10. Nxa8 b6 11. d3 Bb7 12. Nxb6 axb6 13. Qf3 Bg7 14.
Be3 Nd4 15. Qh3 g5 16. c3 g4 17. Qg3 f4 18. Qxg4 fxe3 19. cxd4 exd4 20. f3
h5 21. Qg6 Rh6 22. Qg3 h4 23. Qg4 Ne4 24. fxe4 Qb4+ 25. Kf1 Qd2 26. Qe2 Rf6+
27. Nf3 h3 28. Qxd2 exd2 29. Kg1 Bh6 30. Kf2 Be3+ 31. Kg3 hxg2 32. Kxg2 Rg6+
33. Kh3 d5 34. Bxd5 Bc8+ 35. Kh4 Rh6+ 36. Kg3 Rg6+ 37. Ng5 Rxg5+ 38. Kh4 Rg2
39. h3 Bd7 40. Raf1 d1=Q 41. Rf8+ Ke7 42. Rf7+ Kd6 43. Rxd1 Bf2+ 44. Kh5 Be8
45. Rd2 Bxf7+ 46. Bxf7 Ke5 47. h4 Kf4 48. Bd5 Ke3 49. Rc2 Kxd3 50. Rc6 Rh2
51. a4 Ke3 52. Rxb6 d3 53. Kg6 d2 54. Bb3 Rxh4 55. e5 Ke2 56. Rf6 Bd4 57.
Rf5 d1=Q 58. Bxd1+ Kxd1 59. b4 Kc2 60. e6 Re4 61. Kf7 Kb3 62. Rf3+ Kxa4 63.
e7 Kxb4 64. Rf5 Kc4 65. e8=Q Rxe8 66. Kxe8 Kd3 67. Ke7 Ke2 68. Kd6 Ba7 69.
Kd5 Ke1 70. Rf3 Ke2 71. Rf6 Bg1 72. Rf5 Ba7 73. Ke4 Bg1 74. Rb5 Ba7 75. Rb2+
Kf1 76. Rd2 Kg1 77. Rc2 Kh1 78. Rc7 Bb6 79. Rd7 Bc5 80. Rd5 Bb6 81. Rd6 Bc5
82. Rd1+ Kh2 83. Rd5 Ba7 84. Rh5+ Kg1 85. Rf5 Bb8 86. Rd5 Kh1 87. Rd4 Ba7
88. Rd1+ Kh2 89. Rd2+ Kh1 90. Rd8 Bb6 91. Rd7 Bc5 92. Rc7 Bb6 93. Rc6 Ba7
94. Rc2 Bb6 95. Re2 Ba7 96. Kd5 Bb6 97. Re6 Ba7 98. Kc4 Bb8 99. Re1+ Kh2
100. Re2+ Kh1 101. Kc5 Ba7+ 102. Kc4 Bb8 103. Re4 Ba7 104. Re5 Bb6 105. Kd3
Ba7 106. Ra5 Bb6 107. Rb5 Ba7 108. Rf5 Bb6 109. Rb5 Ba7 110. Re5 Bb6 111.
Ke4 Ba7 112. Ra5 Bb6 113. Rb5 Ba7 114. Rf5 Bb6 115. Re5 Ba7 116. Rd5
{Game drawn by the 50 move rule}
1/2-1/2

[Event "GambitGuide"]
[Site "Internet Chess Club"]
[Date "2014.10.31"]
[Round "1"]
[White "JSBach"]
[Black "Ross2012"]
[Result "1-0"]
[ICCResult "Black resigns"]
[WhiteElo "1625"]
[BlackElo "1541"]
[Opening "Vienna: `Frankenstein-Dracula' variation"]
[ECO "C27"]
[NIC "VG.02"]
[Time "15:29:57"]
[TimeControl "120+12"]

1. e4 e5 2. Nc3 Nf6 3. Bc4 Nxe4 4. Qh5 Nd6 5. Bb3 Nc6 6. Nb5 g6 7. Qf3 f5 8.
Qd5 Qe7 9. Nxc7+ Kd8 10. Nxa8 b6 11. d3 Bb7 12. Nxb6 axb6 13. Qf3 Bg7 14.
Be3 e4 15. Bxb6+ Kc8 16. Qe3 Be5 17. d4 f4 18. Qd2 e3 19. fxe3 fxe3 20. Qxe3
Qh4+ 21. g3 Bxg3+ 22. Qxg3 Qe4+ 23. Kd2 Nxd4 24. Qc3+ Nc6 25. Qxh8+ Ne8 26.
Re1 Qd4+ 27. Qxd4 {Black resigns} 1-0

[Event "GambitGuide"]
[Site "Internet Chess Club"]
[Date "2014.10.31"]
[Round "1"]
[White "JSBach"]
[Black "ce"]
[Result "1-0"]
[ICCResult "Black forfeits on time"]
[WhiteElo "1634"]
[BlackElo "978"]
[Opening "Vienna: `Frankenstein-Dracula' variation"]
[ECO "C27"]
[NIC "VG.02"]
[Time "15:30:52"]
[TimeControl "120+12"]

1. e4 e5 2. Nc3 Nf6 3. Bc4 Nxe4 4. Qh5 Nd6 5. Bb3 Nc6 6. Nb5 g6 7. Qf3 f5 8.
Qd5 Qe7 9. Nxc7+ Kd8 10. Nxa8 b6 11. d3 Nb4 12. Qf3 Bb7 13. Qe3 Bg7 14. a3
Nc6 15. Nxb6 axb6 16. Qxb6+ Ke8 17. Bd5 {Black forfeits on time} 1-0

[Event "GambitGuide"]
[Site "Internet Chess Club"]
[Date "2014.10.31"]
[Round "1"]
[White "JSBach"]
[Black "demo05"]
[Result "0-1"]
[ICCResult "White checkmated"]
[WhiteElo "1634"]
[BlackElo "2174"]
[Opening "Vienna: `Frankenstein-Dracula' variation"]
[ECO "C27"]
[NIC "VG.02"]
[Time "15:30:53"]
[TimeControl "120+12"]

1. e4 e5 2. Nc3 Nf6 3. Bc4 Nxe4 4. Qh5 Nd6 5. Bb3 Nc6 6. Nb5 g6 7. Qf3 f5 8.
Qd5 Qe7 9. Nxc7+ Kd8 10. Nxa8 b6 11. d3 Bb7 12. Nxb6 axb6 13. Qf3 Kc7 14.
Be3 f4 15. Bd2 Nd4 16. Qg4 g5 17. Bb4 h5 18. Bxd6+ Kxd6 19. Qd1 Bxg2 20. c3
Bxh1 21. cxd4 exd4+ 22. Kf1 g4 23. Qd2 Kc7 24. Rc1+ Kb7 25. Qxf4 d6 26. Qxd4
Bg7 27. Bd5+ Bxd5 28. Qxd5+ Kb8 29. Qb5 Qb7 30. Rc6 Ka7 31. Rxd6 Rc8 32. Rd7
Rc7 33. Qa4+ Kb8 34. Rd8+ Rc8 35. Qf4+ Qc7 36. Qxc7+ Kxc7 37. Rxc8+ Kxc8 38.
b4 Bc3 39. a3 b5 40. f3 Bb2 41. fxg4 hxg4 42. Ne2 Kb7 43. d4 Bxa3 44. Nc3
Ka6 45. Na2 Bb2 46. d5 Be5 47. Kg2 Kb6 48. h4 Kc7 49. h5 Kd6 50. h6 Kxd5 51.
h7 Kc4 52. Nc1 Bh8 53. Kg3 Kxb4 54. Kxg4 Kc3 55. Kf5 Kc2 56. Ne2 b4 57. Ke4
Kd2 58. Nd4 Kc3 59. Nb5+ Kc4 60. Nd6+ Kc3 61. Kf5 b3 62. Nb5+ Kb4 63. Nd6 b2
64. Kg6 b1=Q+ 65. Kh6 Qd3 66. Nf5 Kc5 67. Kg5 Kd5 68. Ne7+ Ke6 69. Ng8 Qxh7
70. Nh6 Bf6+ 71. Kf4 Qxh6+ 72. Ke4 Qh4+ 73. Ke3 Kd5 74. Kd3 Qg3+ 75. Kd2 Kc4
76. Ke2 Bg5 77. Kf1 Qh2 78. Ke1 Bh4+ 79. Kd1 Kc3 80. Kc1 Qc2# {White
checkmated} 0-1

[Event "GambitGuide"]
[Site "Internet Chess Club"]
[Date "2014.10.31"]
[Round "1"]
[White "JSBach"]
[Black "Koval"]
[Result "1-0"]
[ICCResult "Black resigns"]
[WhiteElo "1634"]
[BlackElo "1991"]
[Opening "Vienna: `Frankenstein-Dracula' variation"]
[ECO "C27"]
[NIC "VG.02"]
[Time "15:33:12"]
[TimeControl "120+12"]

1. e4 e5 2. Nc3 Nf6 3. Bc4 Nxe4 4. Qh5 Nd6 5. Bb3 Nc6 6. Nb5 g6 7. Qf3 f5 8.
Qd5 Qe7 9. Nxc7+ Kd8 10. Nxa8 b6 11. d3 Bb7 12. Nxb6 axb6 13. Qf3 Kc7 14. c3
g5 15. Bd5 g4 16. Qg3 h5 17. h3 h4 18. Qe3 f4 19. Qe2 g3 20. Nf3 gxf2+ 21.
Qxf2 Bg7 22. Rf1 Nf5 23. Bd2 Qd6 24. c4 Nb4 25. Bxb4 Qxb4+ 26. Qd2 Qxd2+ 27.
Kxd2 Bxd5 28. cxd5 Ne3 29. Rg1 Kd6 30. Rac1 Ra8 31. Nxh4 Rxa2 32. Rb1 b5 33.
g3 Kxd5 34. gxf4 exf4 35. Rxg7 {Black resigns} 1-0

[Event "GambitGuide"]
[Site "Internet Chess Club"]
[Date "2014.10.31"]
[Round "1"]
[White "JSBach"]
[Black "Roaringknights"]
[Result "1-0"]
[ICCResult "Black resigns"]
[WhiteElo "1634"]
[BlackElo "1808"]
[Opening "Vienna: `Frankenstein-Dracula' variation"]
[ECO "C27"]
[NIC "VG.02"]
[Time "15:31:36"]
[TimeControl "120+12"]

1. e4 e5 2. Nc3 Nf6 3. Bc4 Nxe4 4. Qh5 Nd6 5. Bb3 Nc6 6. Nb5 g6 7. Qf3 f5 8.
Qd5 Qe7 9. Nxc7+ Kd8 10. Nxa8 b6 11. d3 Bb7 12. Nxb6 axb6 13. Qf3 h5 14. Qg3
f4 15. Qxg6 Nd4 16. Bd2 N6f5 17. Qxb6+ Kc8 18. Ba5 Ne6 19. Bxe6 dxe6 20. Kf1
Rg8 21. Nf3 Bg7 22. Nd2 Nd6 23. Bb4 Rd8 24. Qc5+ Kb8 25. Nc4 Qg5 26. Rg1 Nf5
27. Nxe5 Rd5 28. Nc6+ Kc7 29. Ba5+ Kd7 30. Qb6 Bxc6 31. Qc7+ {Black resigns}
1-0

[Event "GambitGuide"]
[Site "Internet Chess Club"]
[Date "2014.10.31"]
[Round "1"]
[White "JSBach"]
[Black "tauro00"]
[Result "1-0"]
[ICCResult "Black resigns"]
[WhiteElo "1634"]
[BlackElo "2077"]
[Opening "Vienna: `Frankenstein-Dracula' variation"]
[ECO "C27"]
[NIC "VG.02"]
[Time "15:32:46"]
[TimeControl "120+12"]

1. e4 e5 2. Nc3 Nf6 3. Bc4 Nxe4 4. Qh5 Nd6 5. Bb3 Nc6 6. Nb5 g6 7. Qf3 f5 8.
Qd5 Qe7 9. Nxc7+ Kd8 10. Nxa8 b6 11. d3 Bb7 12. Nxb6 axb6 13. Qf3 e4 14. Qe3
Bg7 15. Qxb6+ Ke8 16. dxe4 Bd4 17. Qc7 Nxe4 18. Ne2 Bxf2+ 19. Kf1 Ba6 20. c4
Nd4 21. Qb8+ Kf7 22. Qxh8 Ke6 23. Nxd4+ Bxd4 24. Qxd4 {Black resigns} 1-0

[Event "GambitGuide"]
[Site "Internet Chess Club"]
[Date "2014.10.31"]
[Round "1"]
[White "JSBach"]
[Black "nsideurheadbro"]
[Result "1-0"]
[ICCResult "Black checkmated"]
[WhiteElo "1634"]
[BlackElo "1184"]
[Opening "Vienna: `Frankenstein-Dracula' variation"]
[ECO "C27"]
[NIC "VG.02"]
[Time "15:32:03"]
[TimeControl "120+12"]

1. e4 e5 2. Nc3 Nf6 3. Bc4 Nxe4 4. Qh5 Nd6 5. Bb3 Nc6 6. Nb5 g6 7. Qf3 f5 8.
Qd5 Qe7 9. Nxc7+ Kd8 10. Nxa8 b6 11. d3 Bb7 12. Nxb6 axb6 13. Qf3 Kc7 14. c3
f4 15. Bd5 e4 16. Bxe4 Nxe4 17. dxe4 g5 18. Qd3 Ne5 19. Qd4 Bg7 20. Kd1 Ng4
21. Qc4+ Kb8 22. Qe2 Bxe4 23. Qxg4 Re8 24. h4 h6 25. Nh3 Bf5 26. Bxf4+ Kc8
27. Qxf5 Qe2+ 28. Kc1 gxf4 29. Rd1 Re6 30. Qf7 Re7 31. Qxf4 Be5 32. Qxh6 Re6
33. Qf8+ Kc7 34. Nf4 Bxf4+ 35. Qxf4+ Kb7 36. Rxd7+ Ka6 37. Qa4#
{Black checkmated}
1-0

[Event "GambitGuide"]
[Site "Internet Chess Club"]
[Date "2014.10.31"]
[Round "1"]
[White "JSBach"]
[Black "northbrew"]
[Result "1/2-1/2"]
[ICCResult "White stalemated"]
[WhiteElo "1634"]
[BlackElo "1713"]
[Opening "Vienna: `Frankenstein-Dracula' variation"]
[ECO "C27"]
[NIC "VG.02"]
[Time "15:25:00"]
[TimeControl "120+12"]

1. e4 e5 2. Nc3 Nf6 3. Bc4 Nxe4 4. Qh5 Nd6 5. Bb3 Nc6 6. Nb5 g6 7. Qf3 f5 8.
Qd5 Qe7 9. Nxc7+ Kd8 10. Nxa8 b6 11. d3 Bb7 12. Nxb6 axb6 13. Qf3 Bg7 14.
Be3 Kc7 15. Bd5 Re8 16. Ne2 e4 17. Qf4 Be5 18. Qg5 Bf6 19. Qf4 g5 20. Qg3 f4
21. Nxf4 gxf4 22. Qxf4 exd3 23. cxd3 Bg5 24. Qg3 Bxe3 25. Qxe3 Qf8 26. Be4
Nxe4 27. dxe4 Qb4+ 28. Kf1 Qxb2 29. Rd1 Ba6+ 30. Kg1 Qxa2 31. Qf4+ Kc8 32.
Rc1 Qe2 33. f3 Qb2 34. Qe3 Kb7 35. Rd1 Re7 36. Rc1 Qd4 37. Qf2 Qxf2+ 38.
Kxf2 b5 39. Rhe1 b4 40. Re3 Kb6 41. f4 Re8 42. Rd1 Kc7 43. g3 Rb8 44. Ra1
Bc4 45. Rc1 Bf7 46. f5 b3 47. Re2 Kd8 48. Rb2 Ne5 49. Rc3 Rb4 50. h3 Rxe4
51. g4 Ra4 52. Kg3 Ra2 53. Rb1 Nc6 54. Re3 Bd5 55. g5 b2 56. h4 Nb4 57. f6
Bf7 58. Re2 Nd3 59. Rd2 Bc4 60. Re2 Ra1 61. Rexb2 Nxb2 62. Rxa1 Bf7 63. Rb1
Nd3 64. Rb7 Nc5 65. Ra7 Be6 66. h5 Ke8 67. h6 Kf7 68. Kf4 Nd3+ 69. Ke4 Nf2+
70. Kd4 Kg6 71. Ra5 Nh3 72. Ke3 Nxg5 73. Kf4 Nf7 74. Ra8 Kxf6 75. Ra7 Nxh6
76. Rc7 Nf7 77. Rc5 h6 78. Ke3 Kg6 79. Rc7 h5 80. Rc1 h4 81. Rc7 h3 82. Rc2
Kg5 83. Rh2 Kh4 84. Kd4 Kg3 85. Rc2 h2 86. Rc3+ Kh4 87. Rc1 Kh3 88. Rc3+ Kh4
89. Rc1 Ng5 90. Rf1 Kg3 91. Rb1 Bg4 92. Ke5 Bf3 93. Kd6 Bc6 94. Ke7 Nf3 95.
Rc1 Ng1 96. Rc3+ Kh4 97. Rc5 h1=Q 98. Kd6 Qh2+ 99. Ke7 Qe2+ 100. Kd8 Nf3
101. Rc3 Qe4 102. Rc1 Qf4 103. Rc2 Qf6+ 104. Kc7 Nd4 105. Rc4 Kg5 106. Rc5+
Kg6 107. Rc4 Ne6+ 108. Kb6 Qd8+ 109. Ka6 Qc7 110. Rg4+ Kf5 111. Rg5+ Kf6
112. Rg6+ Ke7 113. Rxe6+ Kd8 114. Re8+ Kxe8 {White stalemated} 1/2-1/2

[Event "GambitGuide"]
[Site "Internet Chess Club"]
[Date "2014.10.31"]
[Round "1"]
[White "JSBach"]
[Black "Darienor"]
[Result "0-1"]
[ICCResult "White checkmated"]
[WhiteElo "1634"]
[BlackElo "2708"]
[Opening "Vienna: `Frankenstein-Dracula' variation"]
[ECO "C27"]
[NIC "VG.02"]
[Time "15:33:19"]
[TimeControl "120+12"]

1. e4 e5 2. Nc3 Nf6 3. Bc4 Nxe4 4. Qh5 Nd6 5. Bb3 Nc6 6. Nb5 g6 7. Qf3 f5 8.
Qd5 Qe7 9. Nxc7+ Kd8 10. Nxa8 b6 11. d3 Bb7 12. Nxb6 axb6 13. Qf3 Bg7 14.
Be3 Nd4 15. Qh3 g5 16. c3 h5 17. cxd4 g4 18. Qg3 f4 19. dxe5 fxg3 20. exd6
Qe5 21. hxg3 Bxg2 22. d4 Qxd6 23. Rh2 Qb4+ 24. Kd1 Be4 25. Ne2 Bf3 26. Rc1
Re8 27. Bg5+ Re7 28. Bxe7+ Qxe7 29. Rc2 Bxd4 30. Rxh5 Qd6 31. Ke1 Bc5 32.
Nc3 Qg6 33. Re5 Qh6 34. Ba4 Qh1+ 35. Kd2 Qf1 36. Ne2 Qxf2 37. Kc3 Bxe2 38.
Rcxe2 Qd4+ 39. Kc2 Qxa4+ 40. Kc1 Qxa2 41. R5e4 Qb3 42. Re8+ Kc7 43. Rg2 Qf3
44. Ree2 d5 45. Kc2 d4 46. Rd2 b5 47. Kb1 b4 48. Rg1 b3 49. Rc1 Kd6 50. Rc3
Qh1+ 51. Rc1 Qe4+ 52. Rcc2 bxc2+ 53. Rxc2 d3 54. Rd2 Be3 55. b4 Bxd2 56. Ka2
Qxb4 57. Ka1 Bc3+ 58. Ka2 Qa4+ 59. Kb1 Qc2# {White checkmated} 0-1

[Event "GambitGuide"]
[Site "Internet Chess Club"]
[Date "2014.10.31"]
[Round "1"]
[White "JSBach"]
[Black "Roaringknights"]
[Result "1-0"]
[ICCResult "Black resigns"]
[WhiteElo "1642"]
[BlackElo "1808"]
[Opening "Vienna: `Frankenstein-Dracula' variation"]
[ECO "C27"]
[NIC "VG.02"]
[Time "15:34:45"]
[TimeControl "120+12"]

1. e4 e5 2. Nc3 Nf6 3. Bc4 Nxe4 4. Qh5 Nd6 5. Bb3 Nc6 6. Nb5 g6 7. Qf3 f5 8.
Qd5 Qe7 9. Nxc7+ Kd8 10. Nxa8 b6 11. d3 Nd4 12. f4 exf4+ 13. Kd1 Bg7 14.
Bxf4 Re8 15. Kd2 N6b5 16. Nh3 Bb7 17. Qxb7 {Black resigns} 1-0

[Event "GambitGuide"]
[Site "Internet Chess Club"]
[Date "2014.10.31"]
[Round "1"]
[White "JSBach"]
[Black "Ross2012"]
[Result "1-0"]
[ICCResult "Black resigns"]
[WhiteElo "1642"]
[BlackElo "1541"]
[Opening "Vienna: `Frankenstein-Dracula' variation"]
[ECO "C27"]
[NIC "VG.02"]
[Time "15:36:52"]
[TimeControl "120+12"]

1. e4 e5 2. Nc3 Nf6 3. Bc4 Nxe4 4. Qh5 Nd6 5. Bb3 Nc6 6. Nb5 g6 7. Qf3 f5 8.
Qd5 Qe7 9. Nxc7+ Kd8 10. Nxa8 b6 11. d3 Nb4 12. Qf3 a5 13. Nxb6 a4 14. Nxc8
Nxc8 15. Bxa4 Nb6 16. Bb3 Bg7 17. Qb7 {Black resigns} 1-0

[Event "GambitGuide"]
[Site "Internet Chess Club"]
[Date "2014.10.31"]
[Round "1"]
[White "JSBach"]
[Black "nsideurheadbro"]
[Result "1-0"]
[ICCResult "Black resigns"]
[WhiteElo "1642"]
[BlackElo "1184"]
[Opening "Vienna: `Frankenstein-Dracula' variation"]
[ECO "C27"]
[NIC "VG.02"]
[Time "15:36:16"]
[TimeControl "120+12"]

1. e4 e5 2. Nc3 Nf6 3. Bc4 Nxe4 4. Qh5 Nd6 5. Bb3 Nc6 6. Nb5 g6 7. Qf3 f5 8.
Qd5 Qe7 9. Nxc7+ Kd8 10. Nxa8 b6 11. d3 Bb7 12. Nxb6 axb6 13. Qf3 f4 14. Bd2
g5 15. Rc1 h5 16. Kd1 g4 17. Qe2 Ba6 18. Bd5 Nd4 19. Qe1 Bh6 20. Ne2 Re8 21.
Nxd4 exd4 22. Qxe7+ Rxe7 23. Re1 f3 24. Bxh6 fxg2 25. Bg5 Nf5 26. Bxe7+ Nxe7
27. Bxg2 {Black resigns} 1-0

[Event "GambitGuide"]
[Site "Internet Chess Club"]
[Date "2014.10.31"]
[Round "1"]
[White "JSBach"]
[Black "demo05"]
[Result "1/2-1/2"]
[ICCResult "Game drawn by repetition"]
[WhiteElo "1642"]
[BlackElo "2174"]
[Opening "Vienna: `Frankenstein-Dracula' variation"]
[ECO "C27"]
[NIC "VG.02"]
[Time "15:34:22"]
[TimeControl "120+12"]

1. e4 e5 2. Nc3 Nf6 3. Bc4 Nxe4 4. Qh5 Nd6 5. Bb3 Nc6 6. Nb5 g6 7. Qf3 f5 8.
Qd5 Qe7 9. Nxc7+ Kd8 10. Nxa8 b6 11. d3 Bb7 12. Nxb6 axb6 13. Qf3 Nd4 14.
Qg3 f4 15. Qg4 g5 16. Bd2 h5 17. Qd1 Bxg2 18. c3 Bxh1 19. cxd4 exd4+ 20. Qe2
Qxe2+ 21. Nxe2 Bg7 22. Rd1 Re8 23. Kf1 Bf3 24. Re1 Nf5 25. Bb4 Nh4 26. Bc4
Bg2+ 27. Kg1 Nf3+ 28. Kxg2 Nxe1+ 29. Kf1 d5 30. Bb5 Re6 31. Bxe1 f3 32. Ng3
Re5 33. Nxh5 Bh6 34. Ng3 g4 35. Bb4 Kc7 36. b3 Bf4 37. Kg1 Bc1 38. Ba6 Bb2
39. a4 Bc3 40. Ba3 Re2 41. Bb5 Ra2 42. Be7 Be1 43. Nh1 Ra1 44. h3 g3 45.
Nxg3 Bb4+ 46. Kh2 Bxe7 47. Nf5 Bf6 48. Kg3 Rb1 49. h4 Rxb3 50. Kxf3 Rb1 51.
h5 Rh1 52. h6 Bg5 53. Kg2 Rh5 54. Be8 Rxh6 55. Nxh6 Bxh6 56. Bf7 Kd6 57. Kg3
Kc5 58. f4 Kb4 59. Be8 Kc3 60. Bb5 Kd2 61. f5 Ke3 62. f6 Bf8 63. f7 Kd2 64.
Kf2 Kc3 65. Kf3 Kb4 66. Bd7 Kc5 67. Be6 Kd6 68. Bf5 Ke5 69. Bd7 Kd6 70. Bf5
Ke5 71. Bg6 Kf6 72. Bh5 Bd6 73. Ke2 Ke7 74. Kf2 Kd7 75. Bf3 Kc6 76. Bg4 Bf8
77. Be6 Kd6 78. Bf5 Kc7 79. Kf3 Kc6 80. Kf4 Kc5 81. Ke5 Kc6 82. Kxd4 Kd6 83.
Bg4 Bg7+ 84. Ke3 Ke7 85. Bh5 Kd6 86. Bg4 Kc5 87. Be6 d4+ 88. Kd2 Kb4 89. Bd7
Kc5 90. Bh3 Kd6 91. Bf5 Ke5 92. Be4 Ke6 93. Bg6 Kf6 94. Bh5 Ke7 95. Ke2 Kd6
96. Bg6 Kc5 97. Bf5 Kd6 98. Bg6 Bf8 99. Be4 Ke6 100. Bg6 Kf6 101. Bh5 Kg5
102. Bf3 Kf6 103. Bd5 Ke5 104. Be4 Kd6 105. Bh7 Kc5 106. Bf5 Kb4 107. Bd7
Ka5 108. Be8 Kb4 109. Kf3 Kc5 110. Ke4 Bg7 111. Bb5 Kd6 112. Kf5 Ke7 113.
Kg6 Bf8 114. Bc6 Kd6 115. Bh1 Kc5 116. Bg2 Kb4 117. Bc6 Kc5 118. Bg2 Kd6
119. Bh3 Ke7 120. Bg2 Kd6 121. Bb7 Ke7 122. Bd5 Kd6 123. Bb3 Ke7 124. Bd5
Kd6 125. Bc4 Ke7 126. Bd5 Kd6 127. Ba2 Ke7 128. Bd5 Kd6 129. Ba2 Ke7 130.
Bd5 Kd6 131. Ba2 Ke7 132. Bd5 Kd6 133. Bb3 Ke7 134. Bd5
{Game drawn by repetition}
1/2-1/2

[Event "GambitGuide"]
[Site "Internet Chess Club"]
[Date "2014.10.31"]
[Round "1"]
[White "JSBach"]
[Black "marabu"]
[Result "0-1"]
[ICCResult "White checkmated"]
[WhiteElo "1642"]
[BlackElo "1939"]
[Opening "Vienna: `Frankenstein-Dracula' variation"]
[ECO "C27"]
[NIC "VG.02"]
[Time "15:38:18"]
[TimeControl "120+12"]

1. e4 e5 2. Nc3 Nf6 3. Bc4 Nxe4 4. Qh5 Nd6 5. Bb3 Nc6 6. Nb5 g6 7. Qf3 f5 8.
Qd5 Qe7 9. Nxc7+ Kd8 10. Nxa8 b6 11. d3 Bb7 12. Nxb6 axb6 13. Qf3 Kc7 14.
Bd2 Nd4 15. Qg3 f4 16. Qg4 Qf6 17. Ba4 b5 18. Bb3 h5 19. Qh3 g5 20. Kd1 g4
21. Ba5+ Kb8 22. c3 gxh3 23. Ne2 Nxe2 24. Kxe2 hxg2 25. Rhg1 f3+ 26. Kd1 Qf4
27. Kc2 Qxh2 28. Rae1 Qf4 29. Bb6 h4 30. Be3 Qf5 31. Bb6 h3 32. Be3 h2 33.
Rh1 gxh1=Q 34. Rxh1 Qh3 35. Bg5 Qg2 36. Bf6 Qxh1 37. Bxe5 Qg1 38. Bxh2 Rxh2
39. Ba4 Rg2 40. a3 Rxf2+ 41. Kb3 Bd5+ 42. c4 Qd1+ 43. Ka2 Qxa4 44. cxd5 b4
45. Ka1 b3 46. d4 Rf1# {White checkmated} 0-1

[Event "GambitGuide"]
[Site "Internet Chess Club"]
[Date "2014.10.31"]
[Round "1"]
[White "JSBach"]
[Black "Darienor"]
[Result "0-1"]
[ICCResult "White checkmated"]
[WhiteElo "1642"]
[BlackElo "2708"]
[Opening "Vienna: `Frankenstein-Dracula' variation"]
[ECO "C27"]
[NIC "VG.02"]
[Time "15:36:08"]
[TimeControl "120+12"]

1. e4 e5 2. Nc3 Nf6 3. Bc4 Nxe4 4. Qh5 Nd6 5. Bb3 Nc6 6. Nb5 g6 7. Qf3 f5 8.
Qd5 Qe7 9. Nxc7+ Kd8 10. Nxa8 b6 11. d3 Bb7 12. Nxb6 axb6 13. Qf3 Bg7 14.
Qg3 f4 15. Qg4 g5 16. Nf3 Bf6 17. Qh5 e4 18. dxe4 Qxe4+ 19. Kf1 Ba6+ 20. Kg1
Ne5 21. Qh6 Nxf3+ 22. gxf3 Qxf3 23. Qxf6+ Kc7 24. Bxf4 gxf4 25. Qg7 Bb7 26.
Qc3+ Qxc3 27. bxc3 Nf5 28. Re1 Nh4 29. Re7 Kd6 30. Rg7 Re8 31. Bc4 Re1+ 32.
Bf1 Ba6 33. c4 Bxc4 34. h3 Rxf1+ 35. Kh2 Rxf2+ 36. Kg1 Rxc2 37. Rxd7+ Kxd7
38. Rh2 Nf3+ 39. Kh1 Rxh2# {White checkmated} 0-1

[Event "GambitGuide"]
[Site "Internet Chess Club"]
[Date "2014.10.31"]
[Round "1"]
[White "JSBach"]
[Black "tauro00"]
[Result "0-1"]
[ICCResult "White checkmated"]
[WhiteElo "1642"]
[BlackElo "2077"]
[Opening "Vienna: `Frankenstein-Dracula' variation"]
[ECO "C27"]
[NIC "VG.02"]
[Time "15:35:04"]
[TimeControl "120+12"]

1. e4 e5 2. Nc3 Nf6 3. Bc4 Nxe4 4. Qh5 Nd6 5. Bb3 Nc6 6. Nb5 g6 7. Qf3 f5 8.
Qd5 Qe7 9. Nxc7+ Kd8 10. Nxa8 b6 11. d3 Nb4 12. Bg5 Nxd5 13. Bxe7+ Nxe7 14.
d4 e4 15. c4 Bb7 16. c5 bxc5 17. Rc1 Bxa8 18. dxc5 Nb5 19. Bc4 Nd4 20. Rd1
Nec6 21. Bd5 Bxc5 22. Kf1 Bb7 23. Rc1 Ba6+ 24. Ke1 Nb4 25. Bxe4 fxe4 26. Kd2
d6 27. Re1 d5 28. f3 Rf8 29. fxe4 Rf2+ 30. Kd1 Bd3 31. Re3 Bxe4 32. a3 Nd3
33. b4 Bb6 34. Ne2 Nf5 35. Rxe4 dxe4 36. g3 Ne3+ 37. Kd2 Nc4+ 38. Kc3 Rxe2
39. Kxc4 Ne5+ 40. Kd5 Nf3 41. h4 e3 42. Ke4 Re1 43. Rh3 Nd2+ 44. Kd3 Rd1 45.
Rh2 Nf3+ 46. Kc2 Nxh2 47. Kxd1 Nf1 48. g4 Nh2 49. g5 Nf3 50. b5 Nxh4 51. Ke2
Kd7 52. a4 Bc5 53. a5 Kc7 54. b6+ axb6 55. a6 Kb8 56. Kd3 Ka7 57. Kc2 Kxa6
58. Kd3 b5 59. Ke2 b4 60. Kd3 b3 61. Kc3 e2 62. Kd2 b2 63. Ke1 b1=Q+ 64.
Kxe2 Qb2+ 65. Kd1 h6 66. Ke1 Nf3+ 67. Kf1 Qf2# {White checkmated} 0-1

[Event "GambitGuide"]
[Site "Internet Chess Club"]
[Date "2014.10.31"]
[Round "1"]
[White "JSBach"]
[Black "JoseLL23"]
[Result "0-1"]
[ICCResult "White checkmated"]
[WhiteElo "1642"]
[BlackElo "1601"]
[Opening "Vienna: `Frankenstein-Dracula' variation"]
[ECO "C27"]
[NIC "VG.02"]
[Time "15:33:52"]
[TimeControl "120+12"]

1. e4 e5 2. Nc3 Nf6 3. Bc4 Nxe4 4. Qh5 Nd6 5. Bb3 Nc6 6. Nb5 g6 7. Qf3 f5 8.
Qd5 Qe7 9. Nxc7+ Kd8 10. Nxa8 b6 11. d3 Bb7 12. Nxb6 axb6 13. Qf3 Nd4 14.
Qh3 f4 15. Ba4 g5 16. c3 N4f5 17. Nf3 e4 18. Nd2 exd3+ 19. Kf1 Qe2+ 20. Kg1
Qe1+ 21. Nf1 d2 22. Bxd2 Qxa1 23. Qg4 Be7 24. b3 Ba6 25. c4 h5 26. Qf3 Nd4
27. Qa8+ Bc8 28. h4 Ne2+ 29. Kh2 g4 30. Qb8 Qd4 31. Bb4 g3+ 32. Kh3 Qe5 33.
Qxb6+ Ke8 34. Nxg3 fxg3 35. Qd8+ Bxd8 36. f3 Qf5# {White checkmated} 0-1

[Event "GambitGuide"]
[Site "Internet Chess Club"]
[Date "2014.10.31"]
[Round "1"]
[White "JSBach"]
[Black "jojonini"]
[Result "1-0"]
[ICCResult "Black resigns"]
[WhiteElo "1642"]
[BlackElo "1383"]
[Opening "Vienna: `Frankenstein-Dracula' variation"]
[ECO "C27"]
[NIC "VG.02"]
[Time "15:39:10"]
[TimeControl "120+12"]

1. e4 e5 2. Nc3 Nf6 3. Bc4 Nxe4 4. Qh5 Nd6 5. Bb3 Nc6 6. Nb5 g6 7. Qf3 f5 8.
Qd5 Qe7 9. Nxc7+ Kd8 10. Nxa8 b6 11. d3 Na5 12. Nf3 Nxb3 13. Qxb3 Bb7 14.
Bg5 Qxg5 15. Nxg5 Bxa8 16. Rg1 Be7 17. Nf7+ Nxf7 18. Qxf7 {Black resigns}
1-0

[Event "GambitGuide"]
[Site "Internet Chess Club"]
[Date "2014.10.31"]
[Round "1"]
[White "JSBach"]
[Black "Heian"]
[Result "1-0"]
[ICCResult "Black resigns"]
[WhiteElo "1642"]
[BlackElo "1548"]
[Opening "Vienna: `Frankenstein-Dracula' variation"]
[ECO "C27"]
[NIC "VG.02"]
[Time "15:38:35"]
[TimeControl "120+12"]

1. e4 e5 2. Nc3 Nf6 3. Bc4 Nxe4 4. Qh5 Nd6 5. Bb3 Nc6 6. Nb5 g6 7. Qf3 f5 8.
Qd5 Qe7 9. Nxc7+ Kd8 10. Nxa8 b6 11. d3 Bb7 12. Nxb6 axb6 13. Qf3 Kc7 14.
Be3 f4 15. Bd2 Nf5 16. Bc3 Ncd4 17. Qg4 d6 18. Rc1 Kb8 19. Ba4 Qf6 20. Bd7
h5 21. Qh3 g5 22. Bxd4 Nxd4 23. f3 Be7 24. c3 Nc6 25. Qe6 Qxe6 26. Bxe6 Bf6
27. Kf2 Re8 28. Bf7 Re7 29. Bxh5 Rh7 30. Bg6 Rg7 31. Bf5 Ne7 32. Be6 Nc6 33.
Re1 Re7 34. Bd5 Nd8 35. Bxb7 Nxb7 36. d4 Kc7 37. Ne2 Nd8 38. Rhg1 Nc6 39. d5
Nd8 40. Rc1 Nb7 41. Rgd1 Nc5 42. b4 Nd7 43. a4 Kb7 44. a5 b5 45. c4 Ka6 46.
h3 bxc4 47. Rxc4 Nb8 48. Rdc1 Rb7 49. Nc3 Be7 50. Ne4 Kb5 51. Rc7 Ka6 52.
Rxb7 Kxb7 53. b5 Nd7 54. Rc6 Nb8 55. Nxd6+ Bxd6 56. a6+ Ka7 57. Rxd6
{Black resigns}
1-0